 Dungeon Crawl Stone Soup version 0.26.1-2-gb8aa6d0cf2 (webtiles) character file.

Game seed: 13694982688665865179

5983 leafyfresh the Thaumaturge (level 10, 0/83 HPs)
             Began as a Gnoll Hedge Wizard on Mar 5, 2021.
             Was an Elder of Cheibriados.
             Slain by a death yak (15 damage)
             ... on level 10 of the Dungeon.
             The game lasted 00:37:32 (12758 turns).

leafyfresh the Thaumaturge (Gnoll Hedge Wizard)    Turns: 12758, Time: 00:37:32

Health: 0/83       AC:  6    Str: 24    XL:     10   Next: 85%
Magic:  5/32       EV: 19    Int: 29    God:    Cheibriados [****..]
Gold:   518        SH:  0    Dex: 26    Spells: 12/27 levels left

rFire    + . .     SeeInvis .     - Unarmed
rCold    . . .     Faith    .   (shield currently unavailable)
rNeg     + . .     Spirit   .   l - +1 robe {rF+}
rPois    .         Reflect  .   s - +2 helmet
rElec    +         Harm     .   M - scarf {repulsion}
rCorr    .         Rampage  .   (gloves currently unavailable)
Will     .....                  (no boots)
Stlth    ++++......             h - amulet of regeneration
HPRegen  0.63/turn              E - ring "Qezaeg" {rElec rN+ MP+9 Str+3}
MPRegen  0.23/turn              I - ring of wizardry

@: blade hands, repel missiles, very slow
A: distributed training, fangs 1, agile 1, robust 1, strong nose
a: End Transformation, Renounce Religion, Bend Time, Temporal Distortion, Slouch


You were on level 10 of the Dungeon.
You worshipped Cheibriados.
Cheibriados was greatly pleased with you.
You had blades for hands.
You visited 2 branches of the dungeon, and saw 11 of its levels.

You collected 518 gold pieces.

Inventory:

Hand Weapons
 B - a +2 halberd of protection
 H - a +4 falchion (melded)
Armour
 l - a +1 robe of fire resistance (worn)
 s - a +2 helmet (worn)
 M - a scarf of repulsion (worn)
 N - a +0 pair of gloves (melded)
Jewellery
 h - an amulet of regeneration (around neck)
 u - an uncursed ring of flight
 y - an uncursed ring of see invisible
 E - the ring "Qezaeg" (left scythe-like blade) {rElec rN+ MP+9 Str+3}
   (You found it on level 6 of the Dungeon)

   [ring of magical power]

   It affects your strength (+3).
   It insulates you from electricity.
   It protects you from negative energy.
   It affects your magic capacity (+9).
 F - an uncursed ring of resist corrosion
 I - a ring of wizardry (right scythe-like blade)
Scrolls
 f - a scroll of remove curse
 i - a scroll of teleportation
 p - 2 scrolls of fear
 q - a scroll of magic mapping {unknown}
 t - a scroll of noise {unknown}
 w - 2 scrolls of blinking {unknown}
 x - 2 scrolls of vulnerability {unknown}
 A - a scroll of enchant armour {unknown}
 J - a scroll of enchant weapon {unknown}
 K - a scroll of summoning {unknown}
Potions
 c - a potion of resistance {unknown}
 d - 2 potions of flight {unknown}
 e - a potion of might {unknown}
 g - 6 potions of curing
 j - 2 potions of invisibility {unknown}
 k - a potion of heal wounds
 m - a potion of ambrosia {unknown}
 n - 2 potions of brilliance {unknown}
 r - 4 potions of haste {unknown}
 v - 2 potions of lignification {unknown}
 z - 3 potions of berserk rage
 C - a potion of magic {unknown}
 D - a potion of degeneration {unknown}


   Skills:
 + Level 5.6 Fighting
 + Level 5.6 Short Blades
 + Level 5.6 Long Blades
 + Level 5.6 Axes
 + Level 5.6 Maces & Flails
 + Level 5.6 Polearms
 + Level 5.6 Staves
 + Level 5.6 Slings
 + Level 5.6 Bows
 + Level 5.6 Crossbows
 + Level 5.6 Throwing
 + Level 5.6 Armour
 + Level 7.3 Dodging
 + Level 7.1 Stealth
 + Level 5.6 Shields
 + Level 5.6 Unarmed Combat
 + Level 9.2 Spellcasting
 + Level 5.2 Conjurations
 + Level 4.6 Hexes
 + Level 5.2 Summonings
 + Level 4.6 Necromancy
 + Level 5.2 Translocations
 + Level 4.6 Transmutations
 + Level 4.6 Fire Magic
 + Level 4.6 Ice Magic
 + Level 4.6 Air Magic
 + Level 4.6 Earth Magic
 + Level 4.6 Poison Magic
 + Level 6.2 Invocations
 + Level 5.6 Evocations


You had 12 spell levels left.
You knew the following spells:

 Your Spells              Type           Power        Failure   Level
a - Magic Dart            Conj           100%         4%          1
b - Mephitic Cloud        Conj/Pois/Air  41%          8%          3
c - Blink                 Tloc           N/A          5%          2
d - Conjure Flame         Conj/Fire      42%          8%          3
e - Beastly Appendage     Tmut           80%          4%          1
f - Blade Hands           Tmut           20%          26%         5

Your spell library contained the following spells:

 Spells                   Type           Power        Failure   Level
 Call Imp                 Summ           43%          5%          2
 Slow                     Hex            40%          6%          2
 Wereblood                Tmut           40%          6%          2
 Spider Form              Tmut/Pois      20%          9%          3
 Ice Form                 Ice/Tmut       40%          16%         4


Dungeon Overview and Level Annotations

Branches:
Dungeon (10/15)            Temple (1/1) D:4
   Lair: D:8-11         Orc: D:9-12

Altars:
Cheibriados
Dithmenos
Elyvilon
Fedhas
Gozag
Kikubaaqudgha
Makhleb
Nemelex Xobeh
Okawaru
Qazlal
Ru
Trog
Vehumet
Xom
Yredelemnul

Annotations:
D:4 2 transporters, windgrace's ghost, novice OgHu
D:8 Hudbad's ghost, novice MiGl


Innate Abilities, Weirdness & Mutations

Your experience applies equally to all skills.
You have very sharp teeth.
Your uncanny sense of smell can sniff out nearby items.
You are agile. (Dex +2)
You are robust. (+10% HP)


Message History

The stinking cloud engulfs the death yak but does no damage. x2
The death yak is heavily wounded.
The death yak is engulfed in noxious fumes. x2
The death yak closely misses you.
The death yak is engulfed in noxious fumes.
The death yak appears confused.
The death yak gores the death yak!!
You slash the death yak! Your bite misses the death yak.
The death yak is moderately wounded.
The death yak is engulfed in noxious fumes.
The death yak gores you!!
* * * LOW HITPOINT WARNING * * *
The death yak is engulfed in noxious fumes.
The death yak appears confused.
The death yak is engulfed in noxious fumes.
The death yak appears confused.
The death yak is engulfed in noxious fumes.
You slice the death yak!!
The death yak is severely wounded.
The death yak gores you!
You die...

#.#... # #.#..# #
#.#. #....# .. #.#.
#....#..#
#...#######........
+...........#....#
#................#
#.....Y..Y@......#
#.....<..☼☼.#....#
#......○○○Y.#.####
#.......§.○...#
###'##...Y....#
#...#.#..##..#
#..<#.#......#
######†#......#
#.........###.#


You could see 4 death yaks.

Vanquished Creatures
  2 death yaks (D:10)
  A troll (D:9)
  Grinder (D:4)
  A spriggan (D:9)
  6 yaks (D:9)
  A wyvern (D:9)
  An ice beast (D:8)
  2 sky beasts
  3 ogres
  The ghost of Tocho the Conjurer, an amateur PaCj (D:3)
  A centaur (D:6)
  Blork the orc (D:6)
  4 bullfrogs
  A wyvern zombie (D:9)
  11 killer bees
  7 wights
  A howler monkey (D:7)
  A quasit (D:10)
  5 hounds
  A jelly (D:8)
  6 orc priests
  7 orc wizards
  11 worker ants
  4 iguanas
  2 hound zombies
  2 worker ant zombies
  3 gnolls (D:5)
  5 adders
  A howler monkey skeleton (D:6)
  2 shadow imps
  3 white imps
  4 ufetubi
  6 worms
  A dart slug (D:2)
  4 leopard geckos
  32 orcs
  4 bats
  9 giant cockroaches
  7 goblins
  10 hobgoblins
  13 jackals
  4 kobolds
  6 quokkas
  A ball python (D:1)
  A ball python skeleton (D:4)
  5 frilled lizards
  A leopard gecko skeleton (D:7)
  3 rats
209 creatures vanquished.

Vanquished Creatures (collateral kills)
  A killer bee (D:7)
1 creature vanquished.

Grand Total: 210 creatures vanquished

Notes
Turn   | Place    | Note
-------+----------+-------------------------------------------
     0 | D:1      | leafyfresh the Gnoll Hedge Wizard began the quest for the
                  | Orb.
     0 | D:1      | Reached XP level 1. HP: 13/13 MP: 8/8
   192 | D:1      | Reached XP level 2. HP: 8/19 MP: 7/10
  1642 | D:2      | Reached XP level 3. HP: 25/25 MP: 11/11
  1646 | D:2      | Learned a level 3 spell: Mephitic Cloud
  1649 | D:2      | Learned a level 2 spell: Blink
  1653 | D:2      | Learned a level 3 spell: Conjure Flame
  2217 | D:2      | Reached skill level 1 in Invocations
  2596 | D:2      | Reached skill level 1 in Fighting
  2596 | D:2      | Reached skill level 1 in Short Blades
  2596 | D:2      | Reached skill level 1 in Long Blades
  2596 | D:2      | Reached skill level 1 in Axes
  2596 | D:2      | Reached skill level 1 in Maces & Flails
  2596 | D:2      | Reached skill level 1 in Polearms
  2596 | D:2      | Reached skill level 1 in Staves
  2596 | D:2      | Reached skill level 1 in Slings
  2596 | D:2      | Reached skill level 1 in Bows
  2596 | D:2      | Reached skill level 1 in Crossbows
  2596 | D:2      | Reached skill level 1 in Throwing
  2596 | D:2      | Reached skill level 1 in Armour
  2596 | D:2      | Reached skill level 1 in Shields
  2596 | D:2      | Reached skill level 1 in Unarmed Combat
  2596 | D:2      | Reached skill level 1 in Evocations
  2596 | D:2      | Reached XP level 4. HP: 28/32 MP: 8/13
  3132 | D:3      | Reached skill level 1 in Hexes
  3132 | D:3      | Reached skill level 1 in Necromancy
  3132 | D:3      | Reached skill level 1 in Transmutations
  3132 | D:3      | Reached skill level 1 in Fire Magic
  3132 | D:3      | Reached skill level 1 in Ice Magic
  3132 | D:3      | Reached skill level 1 in Air Magic
  3132 | D:3      | Reached skill level 1 in Earth Magic
  3132 | D:3      | Reached skill level 1 in Poison Magic
  3232 | D:3      | Reached XP level 5. HP: 23/37 MP: 7/14
  3656 | D:3      | Found a runed translucent door.
  4113 | D:3      | Noticed Tocho's ghost (amateur PaCj)
  4513 | D:4      | Found a transporter.
  4513 | D:4      | Noticed windgrace's ghost (novice OgHu)
  4624 | D:4      | Reached XP level 6. HP: 41/44 MP: 10/16
  4865 | D:4      | Found a staircase to the Ecumenical Temple.
  4928 | Temple   | Entered the Ecumenical Temple
  4935 | Temple   | Became a worshipper of Cheibriados the Contemplative
  5001 | Temple   | Learned a level 1 spell: Beastly Appendage
  5037 | Temple   | Reached skill level 5 in Dodging
  5354 | D:4      | Reached XP level 7. HP: 42/50 MP: 13/18
  5496 | D:4      | Found a transporter.
  5508 | D:4      | Noticed Grinder
  5527 | D:4      | Paralysed by Grinder for 6 turns
  5539 | D:4      | Killed Grinder
  6173 | D:5      | Entered Level 5 of the Dungeon
  6286 | D:5      | Reached skill level 5 in Stealth
  6362 | D:5      | Reached * piety under Cheibriados
  6653 | D:5      | Gained mutation: You are agile. (Dex +2) [potion of
                  | mutation]
  6653 | D:5      | Gained mutation: You are robust. (+10% HP) [potion of
                  | mutation]
  7297 | D:6      | Reached XP level 8. HP: 62/62 MP: 11/19
  7565 | D:6      | Noticed Blork the orc
  7590 | D:6      | Killed Blork the orc
  7729 | D:6      | Found a bloodstained altar of Trog.
  7733 | D:6      | Got a crude wooden ring
  7847 | D:6      | Reached skill level 8 in Spellcasting
  8406 | D:7      | Reached ** piety under Cheibriados
  8636 | D:7      | Identified the ring "Qezaeg" {rElec rN+ MP+9 Str+3} (You
                  | found it on level 6 of the Dungeon)
  8792 | D:7      | Reached XP level 9. HP: 59/71 MP: 21/21
  9768 | D:8      | Reached *** piety under Cheibriados
  9986 | D:8      | Learned a level 5 spell: Blade Hands
 10016 | D:8      | Found a sacrificial altar of Ru.
 10286 | D:8      | Reached skill level 5 in Invocations
 10411 | D:8      | Found a runed translucent door.
 10412 | D:8      | Noticed Hudbad's ghost (novice MiGl)
 10574 | D:9      | Noticed a troll
 10884 | D:3      | Killed Tocho's ghost
 11203 | D:9      | Killed a troll
 11220 | D:9      | Reached XP level 10. HP: 52/80 MP: 22/22
 11668 | D:9      | Reached **** piety under Cheibriados
 11669 | D:9      | Reached skill level 5 in Fighting
 11669 | D:9      | Reached skill level 5 in Short Blades
 11669 | D:9      | Reached skill level 5 in Long Blades
 11669 | D:9      | Reached skill level 5 in Axes
 11669 | D:9      | Reached skill level 5 in Maces & Flails
 11669 | D:9      | Reached skill level 5 in Polearms
 11669 | D:9      | Reached skill level 5 in Staves
 11669 | D:9      | Reached skill level 5 in Slings
 11669 | D:9      | Reached skill level 5 in Bows
 11669 | D:9      | Reached skill level 5 in Crossbows
 11669 | D:9      | Reached skill level 5 in Throwing
 11669 | D:9      | Reached skill level 5 in Armour
 11669 | D:9      | Reached skill level 5 in Shields
 11669 | D:9      | Reached skill level 5 in Unarmed Combat
 11669 | D:9      | Reached skill level 5 in Evocations
 11814 | D:9      | Reached skill level 9 in Spellcasting
 12702 | D:10     | Entered Level 10 of the Dungeon
 12716 | D:10     | Noticed a death yak
 12730 | D:10     | Noticed a death yak
 12732 | D:10     | Noticed a death yak
 12733 | D:10     | Noticed a death yak
 12736 | D:10     | Noticed a death yak
 12738 | D:10     | Killed a death yak
 12739 | D:10     | Reached skill level 5 in Conjurations
 12739 | D:10     | Reached skill level 5 in Summonings
 12739 | D:10     | Reached skill level 5 in Translocations
 12740 | D:10     | Noticed a death yak
 12744 | D:10     | Killed a death yak
 12758 | D:10     | Slain by a death yak

Illustrated notes

Levels and vault maps discovered:
D:1:      dpeg_cavernosity, layout_rooms
D:2:      layout_basic
D:3:      layout_loops_ring, ebering_ghost_reflecting_pool, minivault_27
D:4:      layout_loops_ring, minmay_temple_entry_wispy,
          gammafunk_ghost_mausoleum, kennysheep_path_1,
          kennysheep_generic_room_8, uniq_grinder
D:5:      layout_basic, nicolae_sextant
D:6:      layout_basic, bloody_trog, uniq_blork_the_orc
D:7:      layout_gridville
D:8:      layout_loops_cross, lemuel_crystal_altar, ebering_ghost_inner_flame,
          minmay_strange_pillars
D:9:      layout_stronghold, hex_medium, the_bakery
D:10:     layout_stronghold, dpeg_lair_monsters, basic_altar, uniq_nergalle,
          uniq_josephine, uniq_joseph
Temple:   nicolae_temple_the_god_donut

Skill      XL: |  1  2  3  4  5  6  7  8  9 10 |
---------------+-------------------------------+-----
Conjurations   | 2 3 4 5 |  5.2
Summonings     | 2 3 4 5 |  5.2
Translocations | 2 3 4 5 |  5.2
Invocations    | 1 2 3 4 5 6 |  6.2
Fighting       | 1 2 3 4 5 |  5.6
Short Blades   | 1 2 3 4 5 |  5.6
Long Blades    | 1 2 3 4 5 |  5.6
Axes           | 1 2 3 4 5 |  5.6
Maces & Flails | 1 2 3 4 5 |  5.6
Polearms       | 1 2 3 4 5 |  5.6
Staves         | 1 2 3 4 5 |  5.6
Slings         | 1 2 3 4 5 |  5.6
Bows           | 1 2 3 4 5 |  5.6
Crossbows      | 1 2 3 4 5 |  5.6
Throwing       | 1 2 3 4 5 |  5.6
Armour         | 1 2 3 4 5 |  5.6
Shields        | 1 2 3 4 5 |  5.6
Unarmed Combat | 1 2 3 4 5 |  5.6
Evocations     | 1 2 3 4 5 |  5.6
Hexes          | 1 2 3 4 |  4.6
Necromancy     | 1 2 3 4 |  4.6
Transmutations | 1 2 3 4 |  4.6
Fire Magic     | 1 2 3 4 |  4.6
Ice Magic      | 1 2 3 4 |  4.6
Air Magic      | 1 2 3 4 |  4.6
Earth Magic    | 1 2 3 4 |  4.6
Poison Magic   | 1 2 3 4 |  4.6
Dodging        | 5 6 7 |  7.3
Stealth        | 5 6 7 |  7.1
Spellcasting   | 8 9 |  9.2

Action                   |  1- 3 |  4- 6 |  7- 9 | 10-12 || total
-------------------------+-------+-------+-------+-------++-------
Melee: Dagger            |    61 |   190 |    81 |       ||   332
       Bite              |     8 |    21 |    42 |    19 ||    90
       Kick              |       |    12 |    71 |       ||    83
       Headbutt          |       |     5 |    39 |       ||    44
       Punch             |       |     1 |     6 |     3 ||    10
       Halberd           |       |       |   100 |       ||   100
       Falchion          |       |       |    62 |    29 ||    91
       Unarmed           |       |       |    36 |    50 ||    86
 Cast: Magic Dart        |    71 |   119 |    39 |     3 ||   232
       Mephitic Cloud    |       |     6 |    13 |     3 ||    22
       Blink             |       |     4 |     6 |     1 ||    11
       Beastly Appendage |       |     6 |    31 |       ||    37
       Blade Hands       |       |       |     6 |     7 ||    13
Invok: Slouch            |       |       |       |     1 ||     1
  Use: Potion            |       |     3 |     4 |     1 ||     8
       Scroll            |       |     1 |     6 |     4 ||    11
 Stab: Sleeping          |     9 |     7 |     9 |     5 ||    30
       Confused          |       |     2 |     7 |     2 ||    11
       Distracted        |       |     1 |     2 |       ||     3
Armor: Robe              |     9 |    33 |    59 |    11 ||   112
Dodge: Dodged            |    61 |   167 |   301 |    65 ||   594
       Rpst.: Falchion   |       |       |    28 |    15 ||    43
